 Dungeon Crawl Stone Soup version 0.18-a0-1805-g8ab820f (webtiles) character file.

51 Mefis the Magician (level 3, -6/19 HPs)
             Began as a Deep Elf Wizard on Apr 26, 2016.
             Killed by divine providence
             ... invoked by an orc priest
              (12 damage)
             ... on level 3 of the Dungeon.
             The game lasted 00:05:42 (1428 turns).

Mefis the Magician (Deep Elf Wizard)                Turns: 1428, Time: 00:05:43

Health: -6/19      AC:  3    Str:  4    XL:     3   Next: 58%
Magic:  4/12       EV: 13    Int: 23    God:
Gold:   85         SH:  0    Dex: 13    Spells: 5 memorised, 3 levels left

rFire  . . .     SeeInvis .     (no weapon)
rCold  . . .     Gourm    .     a - +0 robe
rNeg   . . .     Faith    .     (no shield)
rPois  .         Spirit   .     b - +0 hat
rElec  .         Dismiss  +     n - +0 cloak
rCorr  .         Reflect  .     (no gloves)
SustAt .         Harm     .     (no boots)
MR     .....                    i - amulet of dismissal
Stlth  ++........               (no ring)
                                (no ring)

@: very slightly contaminated, repel missiles, not resistant to hostile
enchantments, unstealthy
A: no striking features
a: no special abilities


You were on level 3 of the Dungeon.
You were very hungry.

You visited 1 branch of the dungeon, and saw 3 of its levels.

You collected 85 gold pieces.

Inventory:

Hand Weapons
 u - a +0 blowgun
Missiles
 v - 14 poisoned needles
Armour
 a - a +0 robe (worn)
 b - a +0 hat (worn)
 n - a +0 cloak (worn)
Jewellery
 i - an amulet of dismissal (around neck)
 r - a cursed -3 ring of dexterity {unknown}
Scrolls
 e - 2 scrolls of teleportation {unknown}
 g - 3 scrolls of fog {unknown}
 h - 2 scrolls of recharging {unknown}
 j - 2 scrolls of identify {unknown}
 m - a scroll of immolation {unknown}
 o - a scroll of fear {unknown}
 p - a scroll of noise {unknown}
Potions
 f - a potion of agility {unknown}
 l - a potion of haste {unknown}
 q - a potion of curing {unknown}
 t - a potion of brilliance {unknown}
Books
 c - a book of Minor Magic

   Spells                             Type                      Level
   a - Magic Dart                     Conjuration                  1
   b - Blink                          Translocation                2
   c - Call Imp                       Summoning                    2
   d - Repel Missiles                 Charms/Air                   2
   e - Slow                           Hexes                        2
   f - Conjure Flame                  Conjuration/Fire             3
   g - Mephitic Cloud                 Conjuration/Poison/Air       3
Comestibles
 d - 2 bread rations
 k - a slice of pizza
 s - a beef jerky


   Skills:
 + Level 0.0 Fighting
 + Level 2.8 Dodging
 + Level 2.8 Stealth
 - Level 0.2 Unarmed Combat
 + Level 5.7 Spellcasting
 + Level 1.2 Conjurations
 + Level 1.3 Summonings
 + Level 1.1 Translocations
 - Level 0.2 Air Magic
 + Level 0.0 Poison Magic


You had 3 spell levels left.
You knew the following spells:

 Your Spells              Type           Power        Failure   Level  Hunger
a - Magic Dart            Conj           ##..         6%          1    None
b - Call Imp              Summ           ##......     10%         2    None
c - Blink                 Tloc           N/A          10%         2    None
d - Repel Missiles        Chrm/Air       #.....       14%         2    None
e - Mephitic Cloud        Conj/Pois/Air  #.......     24%         3    #......


Dungeon Overview and Level Annotations

Branches:
Dungeon (3/15)

Altars:
Zin


Message History

What do you say? t - Shout!
Orders for allies: a - Attack new target. r - Retreat! s - Stop attacking. w - Wait here. f - Follow me.
Anything else - Stay silent.
Gang up on whom?
Press: ? - help, Dir - move target cursor, f - orc priest
Aim: an orc priest, wielding a club and wearing a chain mail Attack!
The orc priest closely misses your crimson imp.
Your crimson imp blinks!
Casting: Mephitic Cloud
Confirm with . or Enter, or press ? or * to list all spells.
A shadowy apparition takes form in the air.
The orc priest miscasts a cantrip.
The orc priest calls down the wrath of Beogh upon you.
Beogh smites you!
Ouch! That really hurt!
You die...

#.....# #.o...#
#.o.ow# .....#
....## .o..
##########o#
#.5.....o..#######
#@########........
#.#.....##(#######
#.#..)......(...#
#.#####.##.####.#
#.# #.#.... #.#
#.......# #.#
######### #..


You could see an orc priest and a friendly shadow imp.

Vanquished Creatures
  2 adders (D:2)
  An ooze (D:2)
  An orc (D:3)
  2 bats (D:2)
  A giant cockroach (D:3)
  2 goblins (D:2)
  2 hobgoblins
  3 kobolds
  A quokka (D:2)
  A giant newt (D:2)
  2 rats
18 creatures vanquished.

Vanquished Creatures (collateral kills)
  An adder (D:2)
  2 worms (D:2)
  A giant cockroach (D:2)
  2 hobgoblins (D:2)
  A bat (D:2)
7 creatures vanquished.

Grand Total: 25 creatures vanquished

Notes
Turn   | Place    | Note
--------------------------------------------------------------
     0 | D:1      | Mefis the Deep Elf Wizard began the quest for the Orb.
     0 | D:1      | Reached XP level 1. HP: 10/10 MP: 7/7
    97 | D:1      | You fall through a shaft!
   116 | D:2      | Reached skill level 5 in Spellcasting
   116 | D:2      | Reached XP level 2. HP: 15/15 MP: 1/10
   120 | D:2      | Learned a level 2 spell: Call Imp
   123 | D:2      | Learned a level 2 spell: Blink
   126 | D:2      | Learned a level 2 spell: Repel Missiles
   510 | D:2      | Reached XP level 3. HP: 19/19 MP: 5/11
   559 | D:2      | Learned a level 3 spell: Mephitic Cloud
   631 | D:2      | Found a glowing silver altar of Zin.
  1428 | D:3      | Killed from afar by an orc priest

Vault maps used:
D:1:      dpeg_arrival_court
D:2:      overflow_temple_1_default
D:3:      wad_river_or_something, nicolae_dithmenos_through_a_glass_darkly,
          first_bread, uniq_iyjb

Skill      XL: |  1 |
---------------+----+-----
Spellcasting   | 5 |  5.7
Dodging        | |  2.8
Stealth        | |  2.8
Unarmed Combat | |  0.2
Conjurations   | |  1.2
Summonings     | |  1.3
Translocations | |  1.1
Air Magic      | |  0.2

Action                   || total
-------------------------++-------
Melee: Unarmed           ||     8
 Cast: Magic Dart        ||    57
       Call Imp          ||    11
       Repel Missiles    ||     1
       Mephitic Cloud    ||     1
Armor: Robe              ||     5
Dodge: Dodged            ||    23
       Deflected         ||     2
